3AA
LANCASTER FARMERS @ ATLANTIC CITY SONICS
07/18/2020
 
TOP OF THE 1ST
Lancaster Farmers batting - Pitching for Atlantic City Sonics : LHP Woody Sullivan
Pitching: LHP Woody Sullivan
Batting: RHB Keith Fish 0-0: DOUBLE (Groundball, 5L)
Batting: RHB Eric Howard Reached via error on a dropped throw, E3
Keith Fish to third
Batting: RHB Jason Ruffin 0-0: Called Strike
0-1: Ball
1-1: Called Strike
1-2: Ball
2-2: Foul Ball, location: 2F
2-2: Ball
3-2: Fly out, F9 (Line Drive, 89M)
Runner from 3rd tags up, SCORES, no throw
Batting: SHB Christos Galpin 0-0: Ball
1-0: Called Strike
1-1: Foul Ball, location: 2F
1-2: Strikes out swinging
Batting: RHB Júlio Santos 0-0: Ball
1-0: Ball
2-0: Ball
3-0: Base on Balls
Eric Howard to second
Batting: SHB Carlos Rodríguez 0-0: Fly out, F4 (Popup, 34D)
Top of the 1st over - 1 run(s), 1 hit(s), 1 error(s), 2 left on base; Lancaster 1 - Atlantic City 0
BOTTOM OF THE 1ST
Atlantic City Sonics batting - Pitching for Lancaster Farmers : RHP Ramón Leyva
Pitching: RHP Ramón Leyva
Batting: RHB Josh Stafford 0-0: Called Strike
0-1: Foul Ball, location: 2F
0-2: Strikes out swinging
Batting: RHB Jason Duncan 0-0: Called Strike
0-1: Ball
1-1: Called Strike
1-2: Ball
2-2: Strikes out looking
Batting: SHB Jesús Cabańe 0-0: SINGLE (Line Drive, 89S)
Batting: LHB Neal Hart 0-0: Foul Ball, location: 2F
0-1: Foul Ball, location: 2F
0-2: Foul Ball, location: 2F
0-2: Ball
1-2: Foul Ball, location: 2F
1-2: Ball
2-2: Ground out 4-3 (Groundball, 4)
Bottom of the 1st over - 0 run(s), 1 hit(s), 0 error(s), 1 left on base; Lancaster 1 - Atlantic City 0
TOP OF THE 2ND
Lancaster Farmers batting - Pitching for Atlantic City Sonics : LHP Woody Sullivan
Batting: SHB Arturo Robles 0-0: Ball
1-0: Ball
2-0: Called Strike
2-1: Called Strike
2-2: Foul Ball, location: 2F
2-2: Strikes out swinging
Batting: SHB Michel Perrin 0-0: Ball
1-0: Ground out 4-3 (Groundball, 4M)
Batting: RHB Alfonso López 0-0: Ball
1-0: Swinging Strike
1-1: Ball
2-1: Swinging Strike
2-2: Ball
3-2: DOUBLE (Line Drive, 7LM)
Batting: RHB Keith Fish 0-0: Fly out, F8 (Flyball, 8RM)
Top of the 2nd over - 0 run(s), 1 hit(s), 0 error(s), 1 left on base; Lancaster 1 - Atlantic City 0
BOTTOM OF THE 2ND
Atlantic City Sonics batting - Pitching for Lancaster Farmers : RHP Ramón Leyva
Batting: LHB Pedro López 0-0: Ball
1-0: Swinging Strike
1-1: Swinging Strike
1-2: Ball
2-2: Strikes out swinging
Batting: LHB Kip Burks 0-0: SINGLE (Line Drive, 8LS)
Batting: SHB David Snyder 0-0: Ball
1-0: Fly out, F7 (Line Drive, 7M)
Batting: RHB Bob Ethridge 0-0: Called Strike
Kip Burks steals 2nd base
0-1: SINGLE (Line Drive, 78M)
Kip Burks to third
Runner from 3rd tries for Home, throw and OUT!
Bottom of the 2nd over - 0 run(s), 2 hit(s), 0 error(s), 1 left on base; Lancaster 1 - Atlantic City 0
TOP OF THE 3RD
Lancaster Farmers batting - Pitching for Atlantic City Sonics : LHP Woody Sullivan
Batting: RHB Eric Howard 0-0: Ball
1-0: Ground out 4-3 (Groundball, 4MS)
Batting: RHB Jason Ruffin 0-0: Ball
1-0: Foul Ball, location: 2F
1-1: SINGLE (Line Drive, 8RS)
Batting: SHB Christos Galpin 0-0: Called Strike
0-1: Ball
1-1: Reached on error, E5 (Groundball, 5L)
Jason Ruffin to second
Batting: RHB Júlio Santos 0-0: DOUBLE (Line Drive, 7LS)
Jason Ruffin scores
Christos Galpin to third
Batting: SHB Carlos Rodríguez 0-0: Swinging Strike
0-1: Ball
1-1: Ball
2-1: Ball
3-1: Base on Balls
Pitching: LHP Steve Pérez
Batting: SHB Arturo Robles 0-0: Ball
1-0: Swinging Strike
1-1: Ball
2-1: Ball
3-1: Base on Balls
Christos Galpin scores
Júlio Santos to third
Carlos Rodríguez to second
Batting: SHB Michel Perrin 0-0: Fly out, F8 (Flyball, 8LM)
Runner from 3rd tags up, SCORES, throw made
Batting: RHB Alfonso López 0-0: Called Strike
0-1: Ball
1-1: Called Strike
1-2: Ball
2-2: Foul Ball, location: 2F
2-2: Foul Ball, location: 2F
2-2: Fly out, F9 (Flyball, 9LM)
Top of the 3rd over - 3 run(s), 2 hit(s), 1 error(s), 2 left on base; Lancaster 4 - Atlantic City 0
BOTTOM OF THE 3RD
Atlantic City Sonics batting - Pitching for Lancaster Farmers : RHP Ramón Leyva
Batting: RHB Leonard Jones 0-0: Ball
1-0: SINGLE (Flyball, 8RS)
Batting: RHB Josh Stafford 0-0: Called Strike
Leonard Jones steals 2nd base
0-1: Swinging Strike
0-2: SINGLE (Groundball, 34)
Leonard Jones to third
Runner from 3rd tries for Home, throw and OUT!
Josh Stafford to second
Batting: RHB Jason Duncan 0-0: Ball
1-0: Ball
2-0: Ball
3-0: Base on Balls
Batting: SHB Jesús Cabańe 0-0: Ball
1-0: DOUBLE (Line Drive, 7LS)
Josh Stafford scores
Jason Duncan to third
Batting: LHB Neal Hart 0-0: Ball
1-0: Swinging Strike
1-1: Swinging Strike
1-2: Strikes out swinging
Batting: LHB Pedro López 0-0: Called Strike
0-1: Ball
1-1: Foul Ball, location: 2F
1-2: Foul Ball, location: 2F
1-2: Strikes out looking
Bottom of the 3rd over - 1 run(s), 3 hit(s), 0 error(s), 2 left on base; Lancaster 4 - Atlantic City 1
TOP OF THE 4TH
Lancaster Farmers batting - Pitching for Atlantic City Sonics : LHP Steve Pérez
Batting: RHB Keith Fish 0-0: Foul Ball, location: 2F
0-1: Called Strike
0-2: Ball
1-2: Ball
2-2: Fly out, F4 (Popup, 4MD)
Batting: RHB Eric Howard 0-0: Ball
1-0: Ball
2-0: SINGLE (Line Drive, 4MD)
Batting: RHB Jason Ruffin 0-0: Ball
1-0: Called Strike
1-1: Ball
2-1: Ball
3-1: Called Strike
3-2: Foul Ball, location: 2F
3-2: Foul Ball, location: 2F
3-2: Foul Ball, location: 2F
3-2: Base on Balls
Eric Howard to second
Batting: SHB Christos Galpin 0-0: Called Strike
0-1: Ball
1-1: Foul Ball, location: 2F
1-2: Ball
2-2: Ball
3-2: Strikes out swinging
Batting: RHB Júlio Santos 0-0: Foul Ball, location: 2F
0-1: Ball
1-1: Swinging Strike
1-2: Foul Ball, location: 2F
1-2: Foul Ball, location: 2F
1-2: Strikes out swinging
Top of the 4th over - 0 run(s), 1 hit(s), 0 error(s), 2 left on base; Lancaster 4 - Atlantic City 1
BOTTOM OF THE 4TH
Atlantic City Sonics batting - Pitching for Lancaster Farmers : RHP Ramón Leyva
Batting: LHB Kip Burks 0-0: Ball
1-0: Ball
2-0: Ball
3-0: Base on Balls
Batting: SHB David Snyder 0-0: SINGLE (Line Drive, 4MD)
Kip Burks to second
Batting: RHB Bob Ethridge 0-0: Called Strike
0-1: Fly out, F8 (Flyball, 8RM)
Batting: RHB Leonard Jones 0-0: Ball
1-0: Ball
2-0: Ball
3-0: Called Strike
3-1: Base on Balls
Kip Burks to third
David Snyder to second
Batting: RHB Josh Stafford 0-0: Ball
1-0: Fly out, F8 (Line Drive, 8RM)
Runner from 3rd tags up, SCORES, throw made
Batting: RHB Jason Duncan 0-0: Ball
1-0: Fly out, F9 (Flyball, 89M)
Bottom of the 4th over - 1 run(s), 1 hit(s), 0 error(s), 2 left on base; Lancaster 4 - Atlantic City 2
TOP OF THE 5TH
Lancaster Farmers batting - Pitching for Atlantic City Sonics : LHP Steve Pérez
Batting: SHB Carlos Rodríguez 0-0: Foul Ball, location: 2F
0-1: Called Strike
0-2: Foul Ball, location: 2F
0-2: Foul Ball, location: 2F
0-2: Strikes out looking
Batting: SHB Arturo Robles 0-0: Ball
1-0: Ball
2-0: Foul Ball, location: 2F
2-1: Ball
3-1: Called Strike
3-2: Ground out 5-3 (Groundball, 5)
Pitching: RHP Bob Manning
Batting: SHB Michel Perrin 0-0: Called Strike
0-1: Called Strike
0-2: Foul Ball, location: 2F
0-2: Ground out 4-3 (Groundball, 4M)
Top of the 5th over - 0 run(s), 0 hit(s), 0 error(s), 0 left on base; Lancaster 4 - Atlantic City 2
BOTTOM OF THE 5TH
Atlantic City Sonics batting - Pitching for Lancaster Farmers : RHP Ramón Leyva
Batting: SHB Jesús Cabańe 0-0: Called Strike
0-1: Swinging Strike
0-2: Foul Ball, location: 2F
0-2: Ball
1-2: Strikes out looking
Batting: LHB Neal Hart 0-0: Ball
1-0: Ball
2-0: Swinging Strike
2-1: Foul Ball, location: 2F
2-2: SINGLE (Flyball, 8LS)
Batting: LHB Pedro López 0-0: Foul Ball, location: 2F
0-1: Called Strike
0-2: Grounds into double play, 6-4-3 (Groundball, 6)
Bottom of the 5th over - 0 run(s), 1 hit(s), 0 error(s), 0 left on base; Lancaster 4 - Atlantic City 2
TOP OF THE 6TH
Lancaster Farmers batting - Pitching for Atlantic City Sonics : RHP Bob Manning
Batting: RHB Alfonso López 0-0: Foul Ball, location: 2F
0-1: Ball
1-1: Ground out 4-3 (Groundball, 34)
Batting: RHB Keith Fish 0-0: Ball
1-0: SINGLE (Line Drive, 7LM)
Batting: RHB Eric Howard 0-0: Ball
1-0: Called Strike
1-1: Foul Ball, location: 2F
1-2: Strikes out swinging
Batting: RHB Jason Ruffin 0-0: Ball
1-0: Swinging Strike
1-1: Ball
2-1: Foul Ball, location: 2F
2-2: Ball
3-2: Fly out, F8 (Popup, 8RS)
Top of the 6th over - 0 run(s), 1 hit(s), 0 error(s), 1 left on base; Lancaster 4 - Atlantic City 2
BOTTOM OF THE 6TH
Atlantic City Sonics batting - Pitching for Lancaster Farmers : RHP Ramón Leyva
Batting: LHB Kip Burks 0-0: Called Strike
0-1: Ball
1-1: Foul Ball, location: 2F
1-2: Ball
2-2: Ball
3-2: Strikes out looking
Batting: SHB David Snyder 0-0: Ball
1-0: Called Strike
1-1: Foul Ball, location: 2F
1-2: Ball
2-2: Strikes out swinging
Batting: RHB Bob Ethridge 0-0: Ball
1-0: Swinging Strike
1-1: Ball
2-1: Ball
3-1: Base on Balls
Batting: RHB Leonard Jones 0-0: Ball
1-0: SINGLE (Groundball, 56D)
Bob Ethridge to second
Batting: RHB Josh Stafford 0-0: Foul Ball, location: 2F
0-1: Ground out 3-1 (Groundball, 34)
Bottom of the 6th over - 0 run(s), 1 hit(s), 0 error(s), 2 left on base; Lancaster 4 - Atlantic City 2
TOP OF THE 7TH
Lancaster Farmers batting - Pitching for Atlantic City Sonics : RHP Bob Manning
Batting: SHB Christos Galpin 0-0: Called Strike
0-1: Called Strike
0-2: SINGLE (Line Drive, 78S)
Batting: RHB Júlio Santos 0-0: Called Strike
0-1: Fly out, F9 (Flyball, 89M)
Batting: SHB Carlos Rodríguez 0-0: Foul Ball, location: 2F
0-1: Ball
1-1: Called Strike
1-2: Ball
2-2: Foul Ball, location: 2F
2-2: Fly out, F8 (Line Drive, 8RS)
Batting: SHB Arturo Robles 0-0: Ball
1-0: Ball
2-0: Called Strike
2-1: Foul Ball, location: 2F
2-2: Ball
3-2: SINGLE (Groundball, 6MD)
Christos Galpin to second
Christos Galpin to third
Pinch Hitting: LHB Jim Unknown 0-0: Called Strike
0-1: Ball
1-1: 3-RUN HOME RUN (Flyball, 9D), Distance : 384 ft
Pitching: RHP Eric Holt
Batting: RHB Alfonso López 0-0: Swinging Strike
0-1: Foul Ball, location: 2F
0-2: Ball
1-2: Strikes out swinging
Top of the 7th over - 3 run(s), 3 hit(s), 0 error(s), 0 left on base; Lancaster 7 - Atlantic City 2
BOTTOM OF THE 7TH
Atlantic City Sonics batting - Pitching for Lancaster Farmers : RHP Ramón Leyva
Now in RF: Alfonso Martínez
Batting: RHB Jason Duncan 0-0: Ball
1-0: Ball
2-0: Fly out, F7 (Line Drive, 78D)
Batting: SHB Jesús Cabańe 0-0: Ball
1-0: Called Strike
1-1: Ground out 5-3 (Groundball, 5S)
Batting: LHB Neal Hart 0-0: Ball
1-0: Foul Ball, location: 2F
1-1: Ball
2-1: Ground out 4-3 (Groundball, 34)
Bottom of the 7th over - 0 run(s), 0 hit(s), 0 error(s), 0 left on base; Lancaster 7 - Atlantic City 2
TOP OF THE 8TH
Lancaster Farmers batting - Pitching for Atlantic City Sonics : RHP Eric Holt
Batting: RHB Keith Fish 0-0: Ball
1-0: Called Strike
1-1: Ball
2-1: Called Strike
2-2: Fly out, F8 (Flyball, 78M)
Batting: RHB Eric Howard 0-0: Foul Ball, location: 2F
0-1: Ball
1-1: Ball
2-1: Foul Ball, location: 2F
2-2: Fly out, F8 (Flyball, 8RM)
Batting: RHB Jason Ruffin 0-0: Called Strike
0-1: Ball
1-1: Called Strike
1-2: Hit by Pitch
Batting: SHB Christos Galpin 0-0: SINGLE (Groundball, 4M)
Jason Ruffin to second
Batting: RHB Júlio Santos 0-0: Called Strike
0-1: Foul Ball, location: 2F
0-2: Ball
1-2: Foul Ball, location: 2F
1-2: Ball
2-2: DOUBLE (Line Drive, 8LXD)
Jason Ruffin scores
Christos Galpin to third
Runner from 3rd tries for Home, SAFE, throw made home
Batting: SHB Carlos Rodríguez 0-0: Swinging Strike
0-1: Ground out 4-3 (Groundball, 4M)
Top of the 8th over - 2 run(s), 2 hit(s), 0 error(s), 1 left on base; Lancaster 9 - Atlantic City 2
BOTTOM OF THE 8TH
Atlantic City Sonics batting - Pitching for Lancaster Farmers : RHP Ramón Leyva
Batting: LHB Pedro López 0-0: Swinging Strike
0-1: Swinging Strike
0-2: SINGLE (Line Drive, 6D)
Pitching: RHP Craig Fawsyde
Batting: LHB Kip Burks 0-0: Ball
1-0: Called Strike
1-1: Ball
2-1: Foul Ball, location: 2F
2-2: Grounds into double play, 4-6-3 (Groundball, 4)
Pinch Hitting: RHB César Ramírez 0-0: Foul Ball, location: 2F
0-1: Called Strike
0-2: Fly out, F9 (Flyball, 9LM)
Bottom of the 8th over - 0 run(s), 1 hit(s), 0 error(s), 0 left on base; Lancaster 9 - Atlantic City 2
TOP OF THE 9TH
Lancaster Farmers batting - Pitching for Atlantic City Sonics : RHP Eric Holt
Pitching: RHP Jim Unknown
Now at C: César Ramírez
Batting: SHB Arturo Robles 0-0: Ball
1-0: Ball
2-0: Ball
3-0: Base on Balls
Pitching: LHP Miguel Canó
Batting: LHB Alfonso Martínez 0-0: Sac Bunt - play at first, batter OUT! 1-3
Arturo Robles to second
Batting: RHB Alfonso López 0-0: Called Strike
0-1: Ball
1-1: Ball
2-1: Ground out 6-3 (Groundball, 6)
Arturo Robles to third
Batting: RHB Keith Fish 0-0: Ground out 6-3 (Groundball, 6)
Top of the 9th over - 0 run(s), 0 hit(s), 0 error(s), 1 left on base; Lancaster 9 - Atlantic City 2
BOTTOM OF THE 9TH
Atlantic City Sonics batting - Pitching for Lancaster Farmers : RHP Craig Fawsyde
Batting: RHB Bob Ethridge 0-0: Ball
1-0: Called Strike
1-1: Fly out, F9 (Popup, 9LS)
Batting: RHB Leonard Jones 0-0: Ball
1-0: Foul Ball, location: 2F
1-1: Fly out, F9 (Flyball, 89M)
Batting: RHB Josh Stafford 0-0: DOUBLE (Flyball, 7M)
Batting: RHB Jason Duncan 0-0: Called Strike
0-1: Called Strike
0-2: Strikes out swinging
Bottom of the 9th over - 0 run(s), 1 hit(s), 0 error(s), 1 left on base; Lancaster 9 - Atlantic City 2
This league is powered by Out of the Park Baseball, the baseball management simulation game for PC, Mac and Linux
Friday, October 23rd, 2015 - OOTP Baseball 16.9 Build 39